 Dungeon Crawl Stone Soup version 0.29-a0-838-g385bb11a5b (webtiles) character file.

Game seed: 4777592916363789310

32 LynnLen the Sneak (level 3, -2/20 HPs)
             Began as a Vampire Enchanter on July 14, 2022.
             Slain by an orc wizard
             ... wielding a +0 dagger
              (4 damage)
             ... on level 3 of the Dungeon.
             The game lasted 00:03:55 (1557 turns).

LynnLen the Sneak (Vampire Enchanter)               Turns: 1557, Time: 00:03:56

Health: -2/20      AC:  3    Str:  7    XL:     3   Next: 10%
Magic:  6/6        EV: 12    Int: 17    God:
Gold:   118        SH:  0    Dex: 16    Spells: 6/6 levels left

rFire   . . .      SeeInvis +   a - +2 dagger
rCold   + + .      Faith    .   (no shield)
rNeg    + + +      Spirit   .   b - +1 robe
rPois   ∞          Reflect  .   (no helmet)
rElec   .          Harm     .   m - scarf {shadows}
rCorr   .          Rampage  .   (no gloves)
Will    .....                   (no boots)
Stlth   +++++.....              (no amulet)
HPRegen 0.00/turn               (no ring)
MPRegen 0.10/turn               (no ring)

@: bloodless, inhibited regen
A: bloodless, fangs 3, see invisible, vampiric 2
a: Bat Form, Revivify


You were on level 3 of the Dungeon.
You visited 1 branch of the dungeon, and saw 3 of its levels.

You collected 118 gold pieces.

Inventory:

Hand Weapons
 a - a +2 dagger (weapon)
Missiles
 g - 16 stones (quivered)
 h - 2 throwing nets
Armour
 b - a +1 robe (worn)
 m - a scarf of shadows (worn)
Jewellery
 n - a +4 ring of evasion
Scrolls
 l - a scroll of summoning {unknown}
 p - a scroll of fear {unknown}
 q - 3 scrolls of teleportation
 r - a scroll of torment {unknown}
 s - a scroll of identify {unknown}
Potions
 c - a potion of invisibility
 d - a potion of cancellation {unknown}
 e - 3 potions of berserk rage {unknown}
 f - a potion of ambrosia {unknown}
 i - a potion of attraction {unknown}
 j - a potion of degeneration {unknown}
 k - a potion of brilliance {unknown}
 o - 2 potions of might {unknown}


   Skills:
 * Level 1.1 Fighting
 * Level 1.7 Short Blades
 + Level 2.4 Dodging
 + Level 5.4 Stealth
 - Level 2.0 Spellcasting
 - Level 4.4 Hexes


You had 6 spell levels left.
You didn't know any spells.
Your spell library contained the following spells:

 Spells                   Type           Power      Damage    Failure   Level
 Confusing Touch          Hex            16%        N/A       10%         3
 Tukima's Dance           Hex            16%        N/A       10%         3
 Ensorcelled Hibernation  Hex/Ice        18%        N/A       12%         2
 Dazzling Flash           Conj/Hex       18%        N/A       24%         3


Dungeon Overview and Level Annotations

Branches:
Dungeon (3/15)

Altars:


Innate Abilities, Weirdness & Mutations

You do not regenerate when monsters are visible.
You are frail without blood (-20% HP).
You can heal yourself when you bite living creatures.
You are immune to poison.
You have razor-sharp teeth.
You have supernaturally acute eyesight. (SInv)
You are afflicted with vampirism and can become a bat while bloodless.


Message History

Found a stone staircase leading up.
r - a scroll labelled UWORI VIENTURE You enter the shallow water.
Moving in this stuff is going to be slow.
Found a white marble altar of Elyvilon.
You see here a +1 mace of protection.
s - a scroll labelled WYHEIM PIHOEMN You hear the brisk rusting of a drain very nearby.
q - 3 scrolls of teleportation (gained 1)
There is a white marble altar of Elyvilon here.
You see here a +4 vorpal sling.
An orc wizard comes into view. It is wielding a +0 dagger.
Found 17 gold pieces.
The orc wizard shouts!
An orc comes into view. It is wielding a +0 flail.
The orc wizard gestures at you while chanting.
The magic dart hits you!
You see here a +4 vorpal sling.
You hit the bush but do no damage. You punch the bush, but do no damage.
You hit the bush but do no damage. You bite the bush, but do no damage.
You see here a +1 mace of protection.
You enter the shallow water.
Moving in this stuff is going to be slow.
The orc wizard mumbles some strange words.
The orc wizard flickers and vanishes for a moment.
The orc wizard casts a spell at you. The puff of flame hits you!
Ouch! That really hurt!
* * * LOW HITPOINT WARNING * * *
You hit the orc wizard. You bite the orc wizard.
You draw the orc wizard's blood!
You feel better.
The orc wizard is moderately wounded.
You hit the orc wizard. You punch the orc wizard.
The orc wizard is severely wounded.
The orc wizard hits you with a +0 dagger.
* * * LOW HITPOINT WARNING * * *
You hit the orc wizard.
The orc wizard is severely wounded.
The orc wizard hits you with a +0 dagger.
You die...

.####♣.♣....P♣.♣
.......♣♣P.P♣♣ P.
......P.♣♣)♣♣PP..#
.....≈≈......P≈≈.#
...#≈≈..♣♣♣..≈≈.
##.#.####.##.#.?
#.#..#.##...#
#o#..#.##.###
#@#..#.##.≈
#.##.#.##.#
#....#.##.#
#.####.#....########
#...................
######.#############
#.# #.# #.#


You could see an orc wizard (invisible).

Vanquished Creatures
  A worm (D:3)
  5 ball pythons
  An endoplasm (D:2)
  2 goblins (D:1)
  5 hobgoblins
  A kobold (D:3)
  2 quokkas (D:1)
  3 bats
  5 frilled lizards
  3 rats
28 creatures vanquished.

Notes
Turn   | Place    | Note
-------+----------+-------------------------------------------
     0 | D:1      | LynnLen the Vampire Enchanter began the quest for the Orb.
     0 | D:1      | Reached XP level 1. HP: 13/13 MP: 3/3
   142 | D:1      | Reached XP level 2. HP: 11/20 MP: 5/5
   351 | D:1      | Reached skill level 5 in Stealth
  1036 | D:2      | Found a faded altar of an unknown god.
  1102 | D:2      | Reached skill level 1 in Fighting
  1168 | D:2      | You fall into a shaft and drop 1 floor!
  1237 | D:3      | Gained mutation: You are afflicted with vampirism and can
                  | become a bat while bloodless. [Vampire growth]
  1237 | D:3      | Reached XP level 3. HP: 17/20 MP: 6/6
  1557 | D:3      | Slain by an orc wizard

Illustrated notes

Levels and vault maps discovered:
D:1:      zelgadis_glass_arrival_small, layout_basic
D:2:      layout_basic, hellmonk_ecumenical_altar_slurped_away, minmay_ruptured
D:3:      layout_basic, nicolae_elyvilon_peaceful_grove, portal_sewer_entry_d

Skill      XL: |  1  2 |
---------------+-------+-----
Stealth        | 5 |  5.4
Fighting       | 1 |  1.1
Short Blades   | |  1.7
Dodging        | |  2.4
Spellcasting   | |  2.0
Hexes          | |  4.4

Action                   || total
-------------------------++-------
Melee: Dagger            ||    81
       Bite              ||    14
       Punch             ||     3
 Abil: Exsanguinate      ||     1
  Use: Scroll            ||     4
       Potion            ||     1
 Stab: Sleeping          ||    14
Armor: Robe              ||     5
Dodge: Dodged            ||    25

Table legend: (Time is in decaauts)
 A = Elapsed time spent in this place.
 B = Non-inter-level travel time spent in this place.
 C = Inter-level travel time spent in this place.
 D = Time resting spent in this place.
 E = Time spent auto-exploring this place.
 F = Levels seen in this place.
 G = Mean time per level.
                   A        B        C        D        E       F      G
               +--------+--------+--------+--------+--------+-----+--------+
         Total |   1552 |   1534 |     18 |      0 |   1141 |   3 |  517.3 |
       Dungeon |   1552 |   1534 |     18 |      0 |   1141 |   3 |  517.3 |
               +--------+--------+--------+--------+--------+-----+--------+

Top non-repeatable levels by time:
     D:1: 689 daAuts
     D:2: 475 daAuts
     D:3: 387 daAuts
